 Dungeon Crawl Stone Soup version 0.28.0 (webtiles) character file.

Game seed: 12077915985046327915

116 growler the Gusty (level 5, 0/28 HPs)
             Began as a Tengu Air Elementalist on Feb 7, 2022.
             Was an Initiate of Sif Muna.
             Killed by their own static electricity (3 damage)
             ... on level 4 of the Dungeon.
             The game lasted 00:10:22 (4107 turns).

growler the Gusty (Tengu Air Elementalist)          Turns: 4107, Time: 00:10:23

Health: 0/28       AC:  2    Str:  9    XL:     5   Next: 0%
Magic:  3/10       EV: 14    Int: 17    God:    Sif Muna [......]
Gold:   154        SH:  0    Dex: 14    Spells: 4/10 levels left

rFire   . . .      SeeInvis .   (no weapon)
rCold   . . .      Faith    .   (no shield)
rNeg    . . .      Spirit   .   a - +0 robe
rPois   .          Reflect  .   (helmet restricted)
rElec   .          Harm     .   (no cloak)
rCorr   .          Rampage  .   (no gloves)
Will    .....                   (boots unavailable)
Stlth   ++........              (no amulet)
HPRegen 0.09/turn               (no ring)
MPRegen 0.12/turn               (no ring)

@: flying quickly and evasively, quick
A: beak, talons 3, nimble flight
a: Renounce Religion


You were on level 4 of the Dungeon.
You worshipped Sif Muna.
Sif Muna was noncommittal.
You visited 1 branch of the dungeon, and saw 4 of its levels.

You collected 154 gold pieces.

Inventory:

Armour
 a - a +0 robe (worn)
 q - a +0 buckler
   (You found it on level 3 of the Dungeon)
Jewellery
 h - a ring of positive energy
   (You found it on level 2 of the Dungeon)
Scrolls
 b - a scroll of amnesia {unknown}
 e - 2 scrolls of fear {unknown}
 l - a scroll of magic mapping {unknown}
 m - 3 scrolls of identify {unknown}
 n - a scroll of fog {unknown}
 o - a scroll of teleportation {unknown}
 p - a scroll of vulnerability {unknown}
Potions
 c - a potion of curing {unknown}
 d - 3 potions of lignification {unknown}
 f - a potion of resistance {unknown}
 g - a potion of heal wounds {unknown}
 i - 2 potions of magic {unknown}
 j - a potion of brilliance {unknown}
 k - a potion of berserk rage {unknown}


   Skills:
 - Level 2.1 Dodging
 - Level 2.0 Stealth
 + Level 3.1 Spellcasting
 + Level 3.6 Conjurations
 + Level 5.3 Air Magic


You had 4 spell levels left.
You knew the following spells:

 Your Spells              Type           Power      Damage    Failure   Level
a - Shock                 Conj/Air       68%        1d7       2%          1
d - Static Discharge      Conj/Air       17%        N/A       4%          2
s - Swiftness             Air            20%        N/A       6%          3

Your spell library contained the following spells:

 Spells                   Type           Power      Damage    Failure   Level
 Airstrike                Air            10%        N/A       19%         4
 Ozocubu's Armour         Ice            2%         N/A       45%         3
 Metabolic Englaciation   Hex/Ice        1%         N/A       99%         5
 Simulacrum               Ice/Necr       1%         N/A       100%        6


Dungeon Overview and Level Annotations

Branches:
Dungeon (4/15)
 Temple: D:4-7

Altars:
Dithmenos
Sif Muna


Innate Abilities, Weirdness & Mutations

You have a beak for a mouth.
You have claws for feet.
Your magical nature lets you fly swiftly and evasively.


Message History

A jackal, an orc and an orc wizard come into view.
Found an emerald potion.
A jackal and an orc come into view.
The orc shouts!
The orc wizard shouts!
The jackal bites you but does no damage.
You closely miss the jackal. You claw the jackal.
You kill the jackal!
Sif Muna accepts your kill.
The orc wizard points at you and mumbles some strange words.
You are confused.
An orc priest comes into view. It is wielding a +0 flail.
The orc priest shouts!
You bump into the rock wall.
The jackal closely misses you.
An endoplasm comes into view.
You miss the jackal.
The endoplasm quivers.
Your peck misses the jackal.
The jackal bites you but does no damage.
The orc throws a boomerang.
The boomerang misses you. The jackal bites you.
The endoplasm jiggles.
The jackal bites you.
The jackal bites you but does no damage.
An orc comes into view. It is wielding a +0 club.
You bump into the rock wall.
You feel less confused.
The orc shouts!
The jackal closely misses you. The jackal barely misses you.
The jackal is struck by an arc of lightning!
You kill the jackal!
Sif Muna accepts your kill.
You are struck by an arc of lightning.
The orc wizard is struck by an arc of lightning.
The lightning grounds out.
The orc throws a boomerang.
The boomerang hits you. The orc wizard casts a spell at you.
You resist with some effort.
The orc is struck by an arc of lightning!
You kill the orc!
Sif Muna accepts your kill.
You are struck by an arc of lightning.
* * * LOW HITPOINT WARNING * * *
The lightning grounds out.
The endoplasm hits you.
* * * LOW HITPOINT WARNING * * *
The orc wizard points at you and mumbles some strange words.
The magic dart hits you!
* * * LOW HITPOINT WARNING * * *
You have reached level 5!
Your magical nature develops, letting you fly swiftly and evasively.
The orc priest is struck by an arc of lightning.
You are struck by an arc of lightning.
You die...

..############
.........o....###
.......Joo†.o.!..
.....###@#####.##
..... #.#
#..###.#
#....#####
#........# #
#......#.# #
#.#......#.#.#
#.............
#.........###


You could see an orc priest, an orc wizard, 2 orcs and an endoplasm.

Vanquished Creatures
  An iguana (D:3)
  An adder (D:1)
  2 worms (D:2)
  A dart slug (D:3)
  2 orcs
  7 bats
  8 endoplasms
  4 giant cockroaches
  8 goblins
  3 hobgoblins
  4 jackals
  2 kobolds (D:1)
  A quokka (D:1)
  7 ball pythons
  5 frilled lizards
  4 rats
60 creatures vanquished.

Notes
Turn   | Place    | Note
-------+----------+-------------------------------------------
     0 | D:1      | growler the Tengu Air Elementalist began the quest for the
                  | Orb.
     0 | D:1      | Reached XP level 1. HP: 10/10 MP: 4/4
    97 | D:1      | Found a faded altar of an unknown god.
   237 | D:1      | Reached XP level 2. HP: 15/15 MP: 3/6
   241 | D:1      | Learned a level 2 spell: Static Discharge
  1121 | D:1      | Reached XP level 3. HP: 19/19 MP: 4/7
  1125 | D:1      | Learned a level 3 spell: Swiftness
  1984 | D:2      | Found a shadowy altar of Dithmenos.
  2491 | D:2      | Reached XP level 4. HP: 24/24 MP: 3/9
  2779 | D:2      | Reached skill level 5 in Air Magic
  3078 | D:3      | Found a shimmering blue altar of Sif Muna.
  3111 | D:3      | Became a worshipper of Sif Muna the Loreminder
  4050 | D:4      | Noticed a sky beast
  4107 | D:4      | Gained mutation: Your magical nature lets you fly swiftly
                  | and evasively. [Tengu growth]
  4107 | D:4      | Reached XP level 5. HP: 3/28 MP: 5/10
  4107 | D:4      | Killed from afar by themself

Illustrated notes

Levels and vault maps discovered:
D:1:      dpeg_arrival_lava_temple_mockup, layout_loops_corners,
          ebering_ecumenical_altar_ruins
D:2:      layout_basic, basic_altar
D:3:      layout_basic, nicolae_sif_muna_little_library, chequers_arboretum
D:4:      layout_loops_ring, minmay_temple_entry_sparse_star,
          gammafunk_ghost_stat_death

Skill      XL: |  1  2  3  4 |
---------------+-------------+-----
Conjurations   | 2 3 |  3.6
Air Magic      | 5 |  5.3
Spellcasting   | 3 |  3.1
Dodging        | |  2.1
Stealth        | |  2.0

Action                   |  1- 3 |  4- 6 || total
-------------------------+-------+-------++-------
Melee: Unarmed           |     8 |    12 ||    20
       Kick              |     2 |     5 ||     7
       Peck              |     1 |       ||     1
 Cast: Shock             |    45 |    32 ||    77
       Static Discharge  |    20 |     4 ||    24
 Stab: Sleeping          |     1 |     1 ||     2
Armor: Robe              |     5 |     4 ||     9
Dodge: Dodged            |    26 |    12 ||    38
